Map: Lerilak Crest

Players

SticklerMac - Winner!

  • Race: Zerg Zerg
  • League: Platinum

Girin

  • Race: Zerg Zerg
  • League: Platinum

VOD

Have the link to the VOD?

Description

Time

  • Played on: Nov. 15, 2015, 7:31 p.m.
  • Length: 6:58
Show
View Real Time Build Order
Export as new Build Order

SticklerMac Zerg - Winner!

Build Orders: Hatch First 

Get SALT Encoding   

  12  0:01  Drone  
  13  0:12  Overlord  
  13  0:17  Drone  
  14  0:30  Drone x2  
  14  0:34  Drone  
  17  0:56  Hatchery  
  16  0:58  Drone  
  16  1:01  Extractor  
  16  1:03  Drone  
  17  1:18  Drone x2  
  19  1:28  Overlord  
  19  1:45  Drone  
  19  1:46  Spawning Pool  
  19  1:55  Drone  
  20  2:02  Drone  
  21  2:14  Drone x2  
  23  2:19  Drone  
  23  2:21  Drone  
  25  2:31  Drone  
  25  2:33  Queen  
  25  2:34  Metabolic Boost, Queen  
  30  2:39  Baneling Nest  
  30  2:42  Drone  
  30  2:45  Zergling x2  
  30  2:48  Zergling x2  
  32  2:52  Zergling x2  
  33  3:01  Zergling x2  
  33  3:03  Zergling x2  
  33  3:22  Zergling x6  
  36  3:34  Overlord x2  
  36  3:48  Baneling x2  
  36  3:49  Baneling x4  
  36  4:09  Zergling x2  
  37  4:10  Zergling x18  
  46  4:17  Drone x2  
  46  4:21  Zergling x2  
  49  4:35  Zergling x8  
  49  4:36  Zergling x2  
  43  4:41  Zergling x4  
  43  4:44  Zergling x2  
  46  4:46  Zergling x2  
  46  4:47  Zergling x2  
  47  4:54  Zergling x4  
  49  5:02  Zergling x2  
  49  5:03  Zergling x4  
  52  5:08  Baneling x2  
  52  5:09  Baneling x3  
  52  5:19  Overlord x2  
  52  5:33  Overlord x3  
  51  5:48  Baneling x7  
  51  5:49  Baneling  
  51  5:50  Zergling x8  
  54  6:17  Zergling x16  
  60  6:19  Baneling x3  
  59  6:29  Zergling x4  
  60  6:34  Zergling x8  
Show
View Real Time Build Order
Export as new Build Order

Girin Zerg 

Build Orders: Hatch First, Zergling Baneling 

Get SALT Encoding   

  12  0:02  Drone  
  13  0:08  Drone  
  14  0:17  Overlord  
  14  0:35  Drone x2  
  16  0:36  Drone  
  17  0:46  Drone  
  18  0:58  Hatchery  
  17  1:12  Spawning Pool  
  17  1:14  Drone  
  17  1:16  Drone  
  18  1:20  Extractor  
  18  1:21  Drone  
  18  1:29  Overlord  
  18  1:39  Drone  
  19  1:53  Drone  
  20  2:04  Queen  
  20  2:07  Zergling x2  
  23  2:10  Zergling x2, Queen  
  26  2:26  Spine Crawler  
  26  2:28  Zergling x4  
  26  2:29  Zergling x2  
  29  2:38  Spine Crawler  
  29  2:40  Zergling x4  
  30  2:44  Zergling x2  
  30  2:46  Metabolic Boost  
  32  2:55  Spine Crawler  
  31  3:05  Zergling x8  
  31  3:23  Zergling x2  
  31  3:24  Baneling Nest, Zergling x8  
  35  3:34  Overlord  
  35  3:35  Overlord  
  35  3:39  Extractor  
  34  3:52  Overlord  
  34  3:58  Zergling x10  
  39  4:11  Baneling  
  39  4:12  Baneling x6  
  39  4:14  Baneling  
  39  4:24  Drone x2  
  41  4:25  Drone  
  41  4:29  Drone  
  26  4:38  Drone x2  
  26  4:43  Zergling x2  
  29  4:50  Zergling x4  
  30  4:53  Zergling x2  
  30  4:56  Zergling x2  
  32  5:02  Baneling x2  
  32  5:06  Zergling x4  
  29  5:12  Baneling x4  
  29  5:17  Zergling x2  
  30  5:28  Zergling x6  
  31  5:40  Zergling x6  
  33  5:59  Zergling x2  
  33  6:03  Zergling x6  
  29  6:22  Baneling x4  
  28  6:29  Roach Warren, Zergling x6  
  29  6:35  Zergling x4  
  29  6:38  Drone  
Tags
 
Add a new tag
Caveats
  • Supply blocks, unpowered buildings, or Contaminate may cause inaccurate times.
  • Supply counts are checked every 10 seconds.